 Dungeon Crawl Stone Soup version 0.28.0-53-g5a82cb258f (webtiles) character file.

Game seed: 4246850427733719631

635 jjjjhere the Basher (level 7, 0/57 HPs)
             Began as a Minotaur Enchanter on Nov 2, 2022.
             Was a Believer of the Shining One.
             Slain by a gnoll sergeant
             ... wielding a +1 vorpal spear
              (3 damage)
             ... on level 4 of the Dungeon.
             The game lasted 00:05:48 (6522 turns).

jjjjhere the Basher (Minotaur Enchanter)            Turns: 6522, Time: 00:05:49

Health: 0/57       AC:  6    Str: 14    XL:     7   Next: 25%
Magic:  8/8        EV: 10    Int: 12    God:    the Shining One [**....]
Gold:   235        SH:  0    Dex: 11    Spells: 8/8 levels left

rFire   . . .      SeeInvis .   m - +2 whip (elec)
rCold   . . .      Faith    .   (no shield)
rNeg    + . .      Spirit   .   n - +0 ring mail
rPois   .          Reflect  .   (helmet restricted)
rElec   .          Harm     .   (no cloak)
rCorr   +          Rampage  .   (no gloves)
Will    .....                   g - +0 pair of boots
Stlth   +.........              (no amulet)
HPRegen 0.19/turn               d - ring of resist corrosion
MPRegen 0.11/turn               (no ring)

@: glowing
A: horns 2, retaliatory headbutt
a: Renounce Religion, Divine Shield


You were on level 4 of the Dungeon.
You worshipped the Shining One.
The Shining One was pleased with you.
You visited 1 branch of the dungeon, and saw 5 of its levels.

You collected 235 gold pieces.

Inventory:

Hand Weapons
 a - a +1 dagger
 i - a +0 flail
 m - a +2 whip of electrocution (weapon)
Missiles
 k - a poisoned dart (quivered)
 w - a throwing net
 x - 4 boomerangs
 y - 2 silver javelins
Armour
 b - a +0 robe
 g - a +0 pair of boots (worn)
 n - a +0 ring mail (worn)
Jewellery
 d - a ring of resist corrosion (left hand)
Wands
 v - a wand of flame (32)
Scrolls
 e - 2 scrolls of identify {unknown}
 h - a scroll of brand weapon {unknown}
 j - 4 scrolls of teleportation {unknown}
 o - 2 scrolls of torment {unknown}
 r - 2 scrolls of immolation {unknown}
 s - 2 scrolls of noise {unknown}
 t - 2 scrolls of fear {unknown}
Potions
 c - a potion of invisibility
 f - a potion of might {unknown}
 l - a potion of heal wounds {unknown}
 p - a potion of flight {unknown}
 q - 2 potions of curing {unknown}
 u - a potion of lignification {unknown}
 z - a potion of haste {unknown}


   Skills:
 - Level 3.1 Fighting
 - Level 1.1 Short Blades
 + Level 8.7 Maces & Flails
 - Level 2.1 Dodging
 - Level 2.4 Stealth
 - Level 1.3 Spellcasting
 - Level 2.0 Hexes


You had 8 spell levels left.
You didn't know any spells.
Your spell library contained the following spells:

 Spells                   Type           Power      Damage    Failure   Level
 Summon Small Mammal      Summ           0%         N/A       52%         1
 Ensorcelled Hibernation  Hex/Ice        6%         N/A       52%         2
 Confusing Touch          Hex            5%         N/A       61%         3
 Tukima's Dance           Hex            5%         N/A       61%         3
 Dazzling Flash           Conj/Hex       6%         N/A       75%         3
 Summon Guardian Golem    Hex/Summ       3%         N/A       75%         3
 Call Canine Familiar     Summ           0%         N/A       87%         3


Dungeon Overview and Level Annotations

Branches:
Dungeon (5/15)             Temple (0/1) D:4

Altars:
Gozag
Nemelex Xobeh
Okawaru
Uskayaw
The Shining One


Innate Abilities, Weirdness & Mutations

You have a pair of horns on your head.
You reflexively headbutt those who attack you in melee.


Message History

The gnoll hits you with a +0 club.
You barely miss the gnoll.
The gnoll is severely wounded.
The gnoll hits you from afar with a +0 spear.
The gnoll barely misses you. The gnoll sergeant barely misses you.
The gnoll hits you with a +0 club.
The gnoll sergeant hits you from afar with a +1 vorpal spear!
The gnoll hits you with a +0 club.
The gnoll looks more healthy.
There is a stone staircase leading up here.
The gnoll sergeant hits you from afar with a +1 vorpal spear.
You climb upwards.
There is a stone staircase leading down here.
Unknown command.
You start resting.
HP restored.
You climb downwards.
The gnoll shouts!
The gnoll sergeant hits you with a +1 vorpal spear.
The gnoll hits you from afar with a +0 spear.
The gnoll sergeant hits you with a +1 vorpal spear!
The gnoll hits you from afar with a +0 spear.
There is a stone staircase leading up here.
Unknown command.
The gnoll sergeant hits you with a +1 vorpal spear!
The gnoll hits you from afar with a +0 spear.
You climb upwards.
There is a stone staircase leading down here.
You hit the gnoll sergeant but do no damage.
Lightning courses through the gnoll sergeant!
The gnoll sergeant is moderately wounded.
The gnoll sergeant blocks your attack.
The gnoll sergeant is moderately wounded.
The gnoll sergeant hits you with a +1 vorpal spear!
* * * LOW HITPOINT WARNING * * *
x2 You barely miss the gnoll sergeant.
You headbutt the gnoll sergeant.
The gnoll sergeant is heavily wounded.
The gnoll sergeant hits you with a +1 vorpal spear!
* * * LOW HITPOINT WARNING * * *
You die...

##...##.#####......#.## ##.##
#.#.#.#.......#..#..#.## #...#
##...########.#.(#.###.## #.).#
###.###...........## ##.# #...#
........).....#.##.###.######...#
.##.##...........(..#.###....)...
.##.##..................)........
.##..#........#.#..#..#.#........
.###.#.........<@g....#.###......
..............#.#.#####.# #.#...#
.....>..####.##.#.#####.# #.#...#
#.##.##.####............# #......
#>..............######### #......
#..##.#..#####..# #......
#..##.#..#####..# #....##
#...............# #########..####
##.#####.#####.## #......##..##..


You could see a gnoll sergeant.

Vanquished Creatures
  Sigmund (D:2)
  A black bear (D:4)
  A scorpion (D:4)
  A jelly (D:5)
  A gnoll shaman (D:4)
  An iguana (D:4)
  An orc wizard (D:4)
  Robin (D:1)
  3 adders
  8 gnolls
  A worm (D:4)
  2 dart slugs
  6 orcs
  6 endoplasms
  2 giant cockroaches
  14 goblins
  14 hobgoblins
  3 jackals (D:3)
  7 kobolds
  7 ball pythons
  7 bats
  5 frilled lizards
  2 rats
95 creatures vanquished.

Vanquished Creatures (others)
  21 plants (D:2)
21 creatures vanquished.

Grand Total: 116 creatures vanquished

Notes
Turn   | Place    | Note
-------+----------+-------------------------------------------
     0 | D:1      | jjjjhere the Minotaur Enchanter began the quest for the
                  | Orb.
     0 | D:1      | Reached XP level 1. HP: 14/14 MP: 1/1
    31 | D:1      | Reached skill level 1 in Fighting
   258 | D:1      | Found a faded altar of an unknown god.
   262 | D:1      | Prayed at the altar of an unknown god.
   262 | D:1      | Became a worshipper of the Shining One
   262 | D:1      | Reached * piety under the Shining One
   449 | D:1      | Reached XP level 2. HP: 19/24 MP: 3/3
  1318 | D:2      | Reached XP level 3. HP: 31/31 MP: 4/4
  1323 | D:2      | Reached skill level 1 in Maces & Flails
  1350 | D:2      | HP: 9/31 [hobgoblin[Robin] (3)]
  1366 | D:2      | HP: 10/31 [hobgoblin[Robin] (1)]
  1381 | D:1      | HP: 9/31 [hobgoblin[Robin] (2)]
  1730 | D:2      | Noticed Robin
  1759 | D:1      | Killed Robin
  1760 | D:1      | Reached skill level 2 in Maces & Flails
  2385 | D:2      | Reached skill level 3 in Maces & Flails
  2385 | D:2      | Reached XP level 4. HP: 33/38 MP: 5/5
  2537 | D:2      | Noticed Sigmund
  2684 | D:2      | HP: 9/38 [Sigmund/+4 scythe of protection (5)]
  2687 | D:2      | HP: 4/38 [something (4)]
  3717 | D:2      | Killed Sigmund
  3718 | D:2      | Reached skill level 6 in Maces & Flails
  3718 | D:2      | Reached XP level 5. HP: 41/45 MP: 6/6
  3779 | D:2      | Reached XP level 6. HP: 45/51 MP: 7/7
  4527 | D:3      | Found a sparkling altar of Nemelex Xobeh.
  5223 | D:4      | Found an opulent altar of Gozag.
  5228 | D:4      | Found an iron altar of Okawaru.
  5277 | D:4      | Found a hide-covered altar of Uskayaw.
  5338 | D:4      | Reached skill level 7 in Maces & Flails
  5395 | D:4      | Reached skill level 8 in Maces & Flails
  5395 | D:4      | Reached XP level 7. HP: 46/57 MP: 8/8
  5483 | D:4      | Found a staircase to the Ecumenical Temple.
  5660 | D:4      | Reached ** piety under the Shining One
  5685 | D:4      | HP: 16/57 [gnoll/+0 flail (7)]
  6188 | D:5      | Entered Level 5 of the Dungeon
  6521 | D:4      | HP: 11/57 [gnoll sergeant/+1 vorpal spear (12)]
  6522 | D:4      | HP: 3/57 [gnoll sergeant/+1 vorpal spear (7)]
  6522 | D:4      | Slain by a gnoll sergeant

Illustrated notes

Levels and vault maps discovered:
D:1:      saegor_arrival_simple_b, layout_loops_ring,
          nicolae_ecumenical_lake_church, minmay_pentomino_q4
D:2:      layout_loops_corners, chequers_big_river, minmay_misc_feat_tower,
          minmay_fractal_squares_gapless_5, uniq_robin, uniq_sigmund
D:3:      layout_basic, mainiacjoe_overflow_paths, glass_columns_b,
          guppyfry_early_lair_pool
D:4:      layout_loops_cross, mainiacjoe_overflow_cross_hatched,
          mainiacjoe_overflow_large_starburst, minmay_temple_entry_stoned_glass
D:5:      layout_layer_cave

Skill      XL: |  1  2  3  4  5  6 |
---------------+-------------------+-----
Fighting       | 2 3 |  3.1
Maces & Flails | 3 6 8 |  8.7
Short Blades   | |  1.1
Dodging        | |  2.1
Stealth        | |  2.4
Spellcasting   | |  1.3
Hexes          | |  2.0

Action                   |  1- 3 |  4- 6 |  7- 9 || total
-------------------------+-------+-------+-------++-------
Melee: Dagger            |   109 |    34 |       ||   143
       Headbutt          |    25 |    33 |     9 ||    67
       Punch             |     1 |     3 |     1 ||     5
       Whip              |       |    70 |    36 ||   106
Throw: Dart              |       |       |     5 ||     5
Armor: Robe              |    14 |     1 |       ||    15
       Ring mail         |       |    24 |     6 ||    30
Dodge: Dodged            |    52 |    45 |    12 ||   109
